 Dungeon Crawl Stone Soup version 0.20-a0-1124-g2e29d97 (webtiles) character file.

21591 poirepourri the Unseen (level 12, -14/56 HPs)
             Began as a Spriggan Enchanter on May 16, 2017.
             Was a High Priest of Dithmenos.
             Shot with an arrow by Nessos (15 damage)
             ... on level 13 of the Dungeon.
             The game lasted 00:29:42 (22380 turns).

poirepourri the Unseen (Spriggan Enchanter)        Turns: 22380, Time: 00:29:43

Health: -14/56     AC:  4    Str:  4    XL:     12   Next: 55%
Magic:  0/38       EV: 25    Int: 18    God:    Dithmenos [*****.]
Gold:   119        SH:  0    Dex: 20    Spells: 17/35 levels left

rFire    . . .     SeeInvis +   u - +5 short sword
rCold    + . .     Gourm    .   (shield restricted)
rNeg     . . .     Faith    .   C - +2 robe {rC+}
rPois    .         Spirit   +   (helmet restricted)
rElec    .         Reflect  .   r - scarf {Spirit}
rCorr    .         Harm     .   (gloves unavailable)
MR       +++..                  (boots unavailable)
Stlth    ++++++++++             (no amulet)
Regen    0.2/turn               p - ring of protection from magic
MPRegen  0.3/turn               b - ring of magical power

@: lethally poisoned (-14 -> -51), very slightly contaminated, wreathed by
umbra, very quick
A: unfitting armour, see invisible, herbivore 3, speed 3, slow metabolism 2
a: Shadow Step, Shadow Form, Renounce Religion


You were on level 13 of the Dungeon.
You worshipped Dithmenos.
Dithmenos was extremely pleased with you.
You were not hungry.

You visited 2 branches of the dungeon, and saw 14 of its levels.
You also visited: Bailey.

You collected 576 gold pieces.
You spent 457 gold pieces at shops.

Inventory:

Hand Weapons
 u - a +5 short sword (weapon)
Missiles
 f - 44 poisoned needles
Armour
 a - a +0 buckler
 r - a scarf of spirit shield (worn)
 C - a +2 robe of cold resistance (worn)
Jewellery
 b - a ring of magical power (right hand)
 p - a ring of protection from magic (left hand)
Wands
 g - a wand of iceblast (5/15)
 w - a wand of scattershot (7/9)
 y - a wand of disintegration (12/24)
 A - a wand of enslavement (6/24)
Scrolls
 o - 2 scrolls of remove curse
Potions
 d - a potion of haste {unknown}
 i - 2 potions of curing
 j - 2 potions of agility
 k - 4 potions of mutation
 l - a potion of magic {unknown}
 n - 3 potions of cancellation
 q - 5 potions of flight
Books
 c - a book of Maledictions

   Spells                             Type                      Level
   a - Corona                         Hexes                        1
   b - Ensorcelled Hibernation        Hexes/Ice                    2
   c - Confuse                        Hexes                        3
   d - Tukima's Dance                 Hexes                        3
   e - Dazzling Spray                 Conjuration/Hexes            3
 h - a book of Debilitation

   Spells                             Type                      Level
   a - Corona                         Hexes                        1
   b - Slow                           Hexes                        2
   c - Inner Flame                    Hexes/Fire                   3
   d - Portal Projectile              Hexes/Translocation          3
   e - Cause Fear                     Hexes                        4
   f - Leda's Liquefaction            Hexes/Earth                  4
 v - a book of Enchantments

   Spells                             Type                      Level
   a - Cause Fear                     Hexes                        4
   b - Yara's Violent Unravelling     Hexes/Transmutation          5
   c - Silence                        Hexes/Air                    5
   d - Deflect Missiles               Charms/Air                   6
   e - Discord                        Hexes                        8
 x - a book of Misfortune

   Spells                             Type                      Level
   a - Confusing Touch                Hexes                        1
   b - Confuse                        Hexes                        3
   c - Gell's Gravitas                Translocation                3
   d - Petrify                        Transmutation/Earth          4
   e - Metabolic Englaciation         Hexes/Ice                    5
   f - Yara's Violent Unravelling     Hexes/Transmutation          5
 z - a book of Clouds

   Spells                             Type                      Level
   a - Poisonous Vapours              Poison/Air                   2
   b - Mephitic Cloud                 Conjuration/Poison/Air       3
   c - Conjure Flame                  Conjuration/Fire             3
   d - Freezing Cloud                 Conjuration/Ice/Air          6
   e - Ring of Flames                 Charms/Fire                  7
Comestibles
 m - 3 bread rations
 t - 10 royal jellies
 B - a fruit


   Skills:
 + Level 3.5 Fighting
 + Level 2.9 Short Blades
 + Level 8.4 Dodging
 + Level 19.3 Stealth
 + Level 12.4 Spellcasting
 + Level 1.2 Conjurations
 + Level 11.9 Hexes
 - Level 2.0 Ice Magic


You had 17 spell levels left.
You knew the following spells:

 Your Spells              Type           Power        Failure   Level  Hunger
a - Corona                Hex            ######.      1%          1    None
b - Ensorcelled Hibernat  Hex/Ice        #####.       1%          2    None
c - Confuse               Hex            ######..     1%          3    None
d - Tukima's Dance        Hex            ######..     1%          3    None
e - Dazzling Spray        Conj/Hex       ####..       1%          3    None
f - Slow                  Hex            ######..     1%          2    None
g - Cause Fear            Hex            ######....   1%          4    ##.....


Dungeon Overview and Level Annotations

Branches:
Dungeon (13/15)            Temple (1/1) D:6            Lair (0/6) D:10
    Orc (0/2) D:10         Vaults (0/5) D:13

Altars:
Cheibriados
Dithmenos
Elyvilon
Fedhas
Gozag
Hepliaklqana
Kikubaaqudgha
Makhleb
Nemelex Xobeh
Okawaru
Qazlal
Ru
Sif Muna
Trog
Uskayaw
Vehumet
Wu Jian
Xom
Yredelemnul
Zin
The Shining One

Shops:
D:12 }:}*%

Annotations:
D:13 Nessos


Innate Abilities, Weirdness & Mutations

You are very small and have problems with some larger weapons.
You are too small for most types of armour.
You have supernaturally acute eyesight. (SInv)
You are a herbivore.
You cover ground extremely quickly.
You need consume almost no food.


Message History

Okay, then.
You feel much better. The hippogriff misses you.
The hippogriff completely misses you. x2; Nessos blinks!
Blink to where?
Press: ? - help, Dir - move target cursor You are very lightly contaminated with residual magic.
As you read the scroll of blinking, it crumbles to dust.
You feel sick.
Okay, then.
You feel sick.
You feel sick.
Nessos blinks!
Nessos shoots an arrow.
The arrow hits you!!
* * * LOW HITPOINT WARNING * * *
The arrow burns you.
You are lethally poisoned!
* * * LOW HITPOINT WARNING * * *
You see here an arrow.
* * * LOW HITPOINT WARNING * * *
You feel sick.
Nessos shoots an arrow.
The arrow hits you!
You die...

#.#^#.# #...........##..#
#...<.# #.#.#.#^........#
#†.#..................#..#
##...#######.#.####.#.#..#
##... ##.#.# #...#..#
#.### #..#.# ##..#..# #.#
# ##.##.#####..#..# #.#
#.##...#....)......# #.#
#.........@.##..#.##
#.##...####(##..#.#
#.###.## ##.##..#.# #.#
#.####..##..#.#
#.###.###.....Hc......#
...................###
#####.....###...#...#
#....)....# ##..#####
#.###.########..#


You could see Nessos.

Vanquished Creatures
  Fannar (D:11)
  A centaur warrior (D:11)
  An ogre mage (D:13)
  8 two-headed ogres
  An unseen horror (D:11)
  2 ugly things
  Maurice (D:13)
  A deep elf mage (D:12)
  2 centaur zombies (D:11)
  4 molten gargoyles (D:9)
  A komodo dragon (D:13)
  A queen bee (D:9)
  2 trolls (D:10)
  A hornet (D:12)
  2 hippogriffs (D:12)
  A wyvern (D:8)
  4 yaks (D:11)
  A wraith (D:13)
  A hungry ghost (D:7)
  3 wargs (D:10)
  7 orc warriors
  2 ice beasts
  3 phantoms
  A hornet zombie (D:7)
  4 sky beasts
  The ghost of Ijustatesigmund the Conjurer, an amateur DrCj (D:4)
  An eye of draining (D:12)
  2 necrophages
  5 ogres
  11 centaurs
  4 big kobolds
  2 crocodiles
  6 bullfrogs
  5 scorpions
  22 killer bees
  4 wights (D:8)
  2 electric eels (D:8)
  2 howler monkeys
  2 bullfrog zombies
  A lava snake (D:9)
  4 crimson imps
  7 hounds
  5 jellies
  11 orc priests
  24 orc wizards
  4 bullfrog skeletons
  A centaur skeleton (D:7)
  A gnoll shaman (D:10)
  3 iguanas
  20 worker ants
  A hound zombie (D:5)
  A worker ant zombie (D:10)
  14 gnolls
  16 adders
  3 shadow imps
  An ooze (D:1)
  5 worms
  2 dart slugs (D:1)
  5 leopard geckos
  60 orcs
  5 bats
  5 giant cockroaches
  15 goblins
  8 hobgoblins
  6 jackals
  7 quokkas
  A ball python (D:1)
  11 frilled lizards
  A jackal skeleton (D:6)
  A jackal zombie (D:5)
  34 kobolds
  A quokka skeleton (D:8)
  2 quokka zombies
  11 rats
422 creatures vanquished.

Notes
Turn   | Place    | Note
-------+----------+-------------------------------------------
     0 | D:1      | poirepourri the Spriggan Enchanter began the quest for the Orb.
     0 | D:1      | Reached XP level 1. HP: 9/9 MP: 5/5
   462 | D:1      | Reached XP level 2. HP: 10/13 MP: 6/6
   471 | D:1      | Learned a level 2 spell: Ensorcelled Hibernation
  1152 | D:1      | Reached XP level 3. HP: 16/16 MP: 8/8
  1243 | D:1      | Learned a level 3 spell: Confuse
  1408 | D:1      | Reached skill level 5 in Stealth
  2237 | D:2      | Found an opulent altar of Gozag.
  2259 | D:2      | Reached skill level 1 in Ice Magic
  2445 | D:2      | Reached XP level 4. HP: 21/21 MP: 9/9
  2709 | D:1      | Learned a level 3 spell: Tukima's Dance
  2936 | D:2      | Found a burning altar of Makhleb.
  2978 | D:2      | Reached skill level 6 in Stealth
  3222 | D:3      | Reached XP level 5. HP: 24/24 MP: 5/10
  4462 | D:3      | Reached skill level 7 in Stealth
  4511 | D:3      | Reached XP level 6. HP: 11/28 MP: 1/12
  4749 | D:3      | Learned a level 3 spell: Dazzling Spray
  5001 | D:4      | Noticed Ijustatesigmund's ghost (amateur DrCj)
  5166 | D:3      | Reached skill level 5 in Hexes
  5689 | D:4      | Killed Ijustatesigmund's ghost
  5689 | D:4      | Reached skill level 8 in Stealth
  5689 | D:4      | Reached XP level 7. HP: 32/32 MP: 5/15
  5955 | D:4      | Reached skill level 5 in Spellcasting
  6023 | D:4      | Found a shadowy altar of Dithmenos.
  6033 | D:4      | Became a worshipper of Dithmenos the Shadowed
  6139 | D:4      | Found an ornate altar of the Wu Jian Council.
  6213 | D:4      | Reached skill level 9 in Stealth
  6686 | D:5      | Entered Level 5 of the Dungeon
  6707 | D:5      | Reached skill level 1 in Fighting
  7142 | D:5      | Found a sacrificial altar of Ru.
  7256 | D:5      | Found a radiant altar of Vehumet.
  7292 | D:5      | Reached skill level 10 in Stealth
  7292 | D:5      | Reached XP level 8. HP: 34/37 MP: 11/17
  7579 | D:5      | Reached * piety under Dithmenos
  8864 | D:6      | Found a basalt altar of Yredelemnul.
  8955 | D:6      | Found a staircase to the Ecumenical Temple.
  8966 | D:6      | Reached skill level 5 in Dodging
  8970 | Temple   | Entered the Ecumenical Temple
  8978 | Temple   | Reached skill level 11 in Stealth
  9788 | D:6      | Found a stormy altar of Qazlal.
  9921 | D:6      | Reached ** piety under Dithmenos
  9929 | D:6      | Reached XP level 9. HP: 40/42 MP: 8/21
 10749 | D:7      | Reached skill level 12 in Stealth
 11445 | D:7      | Reached skill level 13 in Stealth
 11642 | D:7      | Found a glowing silver altar of Zin.
 12110 | D:8      | Found a flagged portal.
 12127 | D:8      | Reached *** piety under Dithmenos
 12136 | Bailey   | Entered a bailey
 12221 | Bailey   | Noticed an orc knight
 12379 | Bailey   | Noticed an orc knight
 15238 | D:8      | Reached XP level 10. HP: 44/47 MP: 16/24
 15704 | D:8      | Found an ornate altar of the Wu Jian Council.
 15820 | D:8      | Reached skill level 14 in Stealth
 16660 | D:8      | Reached **** piety under Dithmenos
 17078 | D:9      | Noticed a two-headed ogre
 17480 | D:9      | Killed a two-headed ogre
 17480 | D:9      | Reached skill level 15 in Stealth
 17480 | D:9      | Reached skill level 10 in Spellcasting
 17548 | D:9      | Noticed a two-headed ogre
 17563 | D:9      | Killed a two-headed ogre
 17673 | D:9      | Noticed a molten gargoyle
 17674 | D:9      | Noticed a molten gargoyle
 17674 | D:9      | Noticed a molten gargoyle
 17677 | D:9      | Killed a molten gargoyle
 17678 | D:9      | Noticed a molten gargoyle
 17684 | D:9      | Killed a molten gargoyle
 17746 | D:9      | Killed a molten gargoyle
 17746 | D:9      | Reached skill level 16 in Stealth
 17746 | D:9      | Reached XP level 11. HP: 51/51 MP: 17/26
 18066 | D:9      | Found a snail-covered altar of Cheibriados.
 18170 | D:10     | Entered Level 10 of the Dungeon
 18462 | D:10     | Reached skill level 10 in Hexes
 18474 | D:10     | Found a staircase to the Lair.
 18635 | D:10     | Reached ***** piety under Dithmenos
 19121 | D:10     | Found a staircase to the Orcish Mines.
 19571 | D:11     | Noticed a two-headed ogre
 19577 | D:11     | Killed a two-headed ogre
 19577 | D:11     | Reached skill level 17 in Stealth
 19651 | D:11     | Noticed a two-headed ogre
 19732 | D:11     | Killed a two-headed ogre
 19962 | D:11     | Noticed a purple ugly thing
 19971 | D:11     | Killed a purple ugly thing
 20013 | D:11     | Noticed an unseen horror
 20017 | D:11     | Killed an unseen horror
 20078 | D:11     | Noticed a centaur warrior
 20189 | D:11     | Killed a centaur warrior
 20378 | D:11     | Reached skill level 18 in Stealth
 20550 | D:11     | Noticed Fannar
 20573 | D:11     | Killed Fannar
 20573 | D:11     | Reached XP level 12. HP: 56/56 MP: 17/28
 20732 | D:11     | Found a basalt altar of Yredelemnul.
 21295 | D:12     | Noticed a two-headed ogre
 21298 | D:12     | Found Cymecal's Book Shop.
 21299 | D:12     | Found Defit's Gadget Shop.
 21313 | D:12     | Killed a two-headed ogre
 21313 | D:12     | Reached skill level 1 in Conjurations
 21550 | D:12     | Learned a level 2 spell: Slow
 21555 | D:12     | Learned a level 4 spell: Cause Fear
 21945 | D:12     | Found Tewacar's General Store.
 21953 | D:12     | Bought an uncursed ring of magical power for 300 gold pieces
 21953 | D:12     | Bought a potion of curing for 45 gold pieces
 21953 | D:12     | Bought a scroll of blinking for 112 gold pieces
 21994 | D:12     | Found Zuvusyop's Food Shop.
 22144 | D:12     | Found Lodorouj's Gadget Boutique.
 22298 | D:13     | Noticed a two-headed ogre
 22299 | D:13     | Noticed a two-headed ogre
 22303 | D:13     | Found a gate to the Vaults.
 22303 | D:13     | Noticed an ogre mage
 22305 | D:13     | Killed a two-headed ogre
 22307 | D:13     | Killed a two-headed ogre
 22312 | D:13     | Killed an ogre mage
 22312 | D:13     | Reached skill level 19 in Stealth
 22336 | D:13     | Noticed a two-headed ogre
 22341 | D:13     | Killed a two-headed ogre
 22354 | D:13     | Noticed Maurice
 22359 | D:13     | Killed Maurice
 22364 | D:13     | Noticed Nessos
 22379 | D:13     | HP: 2/56 [Nessos/arrow (4)]
 22380 | D:13     | Shot with an arrow by Nessos

Vault maps used:
D:1:      noname_arrival_rooms_in_the_neighbourhood, corexii_corridor_pit,
          serial_bayou_pond_a
D:2:      grunt_gozag_breadcrumbs, makhleb_blood_cavern_becter
D:3:      eino_tiny_chamber
D:4:      lemuel_crystal_altar, overflow_temple_1_default
D:5:      vehumet_altar_wand_db, first_bread, nicolae_ru_sacrificial_ziggurat
D:6:      minmay_klotski, grunt_qazlal_clouds, yredelemnul_altar_generic,
          minmay_temple_entry_grid
D:7:      kennysheep_mini
D:8:      enter_bailey_7, kennysheep_small_circle
D:9:      nicolae_overflow_hidden_temple, cheibrodos_worm_habitat,
          david_nohive_1, minmay_misc_feat_enclosed, minivault_8
D:10:     erik_lair_orcish_takeover, orc_0_dummy
D:11:     basic_altar, serial_park_tiny_pond, uniq_fannar
D:12:     serial_shops, shop, shop, shop, shop, shop
D:13:     david_vaults_2, uniq_erolcha, uniq_maurice, uniq_azrael, uniq_nessos
Temple:   chequers_temple_sunken
Bailey:   bailey_axe_4, bailey

Skill      XL: |  1  2  3  4  5  6  7  8  9 10 11 12 |
---------------+-------------------------------------+-----
Hexes          | 4 5 6 7 8 9 11 | 11.9
Spellcasting   | 3 4 5 7 9 10 11 12 | 12.4
Stealth        | 5 6 7 8 10 11 13 16 18 19 | 19.3
Ice Magic      | 1 2 |  2.0
Fighting       | 1 2 3 |  3.5
Dodging        | 4 5 7 8 |  8.4
Conjurations   | 1 |  1.2
Short Blades   | 2 |  2.9

Action                   |  1- 3 |  4- 6 |  7- 9 | 10-12 || total
-------------------------+-------+-------+-------+-------++-------
Melee: Dagger            |    75 |   102 |    47 |       ||   224
       Short sword       |       |       |   244 |   375 ||   619
Throw: Tomahawk          |       |       |    13 |       ||    13
 Cast: Ensorcelled Hiber |    35 |    53 |   139 |   176 ||   403
       Confuse           |       |     4 |    11 |    50 ||    65
       Dazzling Spray    |       |       |    93 |     9 ||   102
Invok: Shadow Step       |       |       |       |     1 ||     1
  Use: Scroll            |     3 |     6 |    10 |     6 ||    25
       Potion            |       |       |     4 |     4 ||     8
 Stab: Sleeping          |    29 |    39 |    93 |   147 ||   308
       Distracted        |     1 |       |     1 |     3 ||     5
       Confused          |       |     4 |     8 |    24 ||    36
       Invisible         |       |       |     2 |       ||     2
  Eat: Bread ration      |     1 |     1 |     2 |       ||     4
       Fruit             |       |       |       |     4 ||     4
Armor: Robe              |     3 |    12 |    26 |    13 ||    54
Dodge: Dodged            |    60 |   109 |   378 |   437 ||   984
